Map: Dusk Towers

Players

dosportres

  • Race: Terran Terran
  • League: Silver

Outlaw - Winner!

  • Race: Terran Terran
  • League: Diamond

VOD

Have the link to the VOD?

Description

Time

  • Played on: Dec. 23, 2015, 3:59 p.m.
  • Length: 4:07
Show
View Real Time Build Order
Export as new Build Order

dosportres Terran 

Build Orders: Reaper Expand 

Get SALT Encoding   

  12  0:01  SCV  
  13  0:13  SCV  
  14  0:18  Supply Depot  
  14  0:25  SCV  
  15  0:39  SCV  
  15  0:41  Barracks  
  16  0:46  Refinery  
  16  0:52  SCV  
  17  1:04  SCV  
  18  1:16  SCV  
  19  1:31  Reaper  
  21  1:33  Orbital Command  
  20  1:40  Command Center  
  20  1:46  Refinery  
  20  1:57  Supply Depot  
  20  1:58  SCV  
  21  2:03  Barracks Reactor  
  21  2:23  Factory  
  21  2:29  SCV  
  22  2:41  SCV  
  22  2:46  Marine  
  22  2:47  Marine  
  24  2:53  SCV  
  25  3:05  Orbital Command  
  25  3:11  Starport  
  25  3:23  Bunker  
  23  3:33  Hellion  
  25  3:36  Marine  
  25  3:41  SCV  
  18  3:53  SCV  
Show
View Real Time Build Order
Export as new Build Order

Outlaw Terran - Winner!

Build Orders:  

Get SALT Encoding   

  12  0:01  SCV  
  13  0:13  SCV  
  14  0:17  Supply Depot  
  14  0:25  SCV  
  14  0:28  Refinery  
  15  0:39  SCV  
  16  0:51  SCV  
  17  1:03  SCV  
  18  1:06  Barracks  
  18  1:10  Barracks  
  18  1:15  SCV  
  19  1:27  SCV  
  19  1:32  Supply Depot  
  20  1:39  SCV  
  21  1:51  SCV  
  22  1:54  Barracks Tech Lab  
  22  1:57  Barracks Tech Lab  
  22  2:04  Orbital Command  
  22  2:10  Supply Depot  
  22  2:13  Marauder  
  22  2:15  Marauder  
  26  2:18  Concussive Shells  
  26  2:30  SCV  
  27  2:42  Marauder x2  
  31  2:48  SCV  
  32  3:00  SCV  
  32  3:04  Marauder x2  
  37  3:14  Supply Depot  
  37  3:25  Marauder  
  39  3:36  Marauder  
  41  3:46  SCV  
  44  3:54  Supply Depot  
Tags
 
Add a new tag
Caveats
  • Supply blocks, unpowered buildings, or Contaminate may cause inaccurate times.
  • Supply counts are checked every 10 seconds.